 Dungeon Crawl Stone Soup version 0.23.2-1-ga50397a6bc (webtiles) character file.

Game seed: 13269370393544279671

4196 LambAmis the Carver (level 10, -5/60 HPs)
             Began as a Gargoyle Fighter on May 19, 2019.
             Was a Priest of the Shining One.
             Slain by a two-headed ogre
             ... wielding a +0 giant spiked club
              (21 damage)
             ... on level 7 of the Dungeon.
             The game lasted 01:13:36 (6703 turns).

LambAmis the Carver (Gargoyle Fighter)              Turns: 6703, Time: 01:13:37

Health: -5/60      AC: 20    Str: 20    XL:     10   Next: 29%
Magic:  10/10      EV:  7    Int: 10    God:    the Shining One [***...]
Gold:   285        SH: 11    Dex: 11    Spells: 9/9 levels left

rFire    . . .     SeeInvis +   a - +0 long sword
rCold    . . .     Gourm    .   c - +0 shield
rNeg     + + .     Faith    .   U - +0 chain mail
rPois    ∞         Spirit   .   C - +0 helmet
rElec    +         Reflect  .   (no cloak)
rCorr    .         Harm     .   g - +1 pair of gloves
MR       .....                  (no boots)
Stlth    ..........             D - amulet of regeneration
HPRegen  0.60/turn              W - ring of see invisible
MPRegen  0.12/turn              (no ring)

@: glowing
A: negative energy resistance 1, electricity resistance, unbreathing,
petrification resistance, rot immunity, AC +7
a: Divine Shield, Renounce Religion


You were on level 7 of the Dungeon.
You worshipped the Shining One.
The Shining One was most pleased with you.
You were not hungry.

You visited 2 branches of the dungeon, and saw 9 of its levels.

You collected 480 gold pieces.
You spent 195 gold pieces at shops.

Inventory:

Hand Weapons
 a - a +0 long sword (weapon)
 d - a +0 whip of flaming
 e - a +0 dagger of flaming
 k - a +2 dagger of venom
 p - a +2 mace of crushing
 T - a +1 flail of protection
 V - a +0 dagger of holy wrath
 X - a +2 short sword of flaming
 Z - a +3 trident of venom
Missiles
 j - 163 arrows
 m - 225 stones (quivered)
 s - 85 bolts
 v - 13 poisoned needles
Armour
 b - a +0 scale mail
 c - a +0 shield (worn)
 g - a +1 pair of gloves (worn)
 l - a +0 chain mail
 o - a +2 robe of resistance
 B - a cursed +0 animal skin
 C - a +0 helmet (worn)
 M - a +4 ring mail
 U - a +0 chain mail (worn)
Jewellery
 D - an amulet of regeneration (around neck)
 E - an uncursed amulet of regeneration
 W - a ring of see invisible (left hand)
Wands
 J - a wand of random effects (19)
Scrolls
 h - 2 scrolls of remove curse
 u - 2 scrolls of identify
 G - 3 scrolls of amnesia
 H - a scroll of random uselessness {unknown}
 I - 3 scrolls of fog {unknown}
 K - 2 scrolls of magic mapping {unknown}
 O - 4 scrolls of teleportation
 P - 3 scrolls of blinking
 R - 3 scrolls of enchant armour {unknown}
 Y - a scroll of enchant weapon
Potions
 i - 2 potions of berserk rage
 n - a potion of invisibility {unknown}
 q - a potion of flight {unknown}
 t - a potion of cancellation {unknown}
 w - 4 potions of brilliance
 x - 3 potions of mutation
 z - 3 potions of heal wounds
 A - 5 potions of might
 F - 2 potions of curing {unknown}
 L - 2 potions of haste {unknown}
 N - 2 potions of degeneration {unknown}
Comestibles
 f - 18 rations
 r - 8 chunks of flesh


   Skills:
 + Level 5.7 Fighting
 * Level 10.2 Long Blades
 + Level 1.4 Throwing
 + Level 5.5 Armour
 + Level 2.0 Dodging
 + Level 0.4 Stealth
 + Level 8.1 Shields


You had 9 spell levels left.
You didn't know any spells.
Your spell library was empty.

Dungeon Overview and Level Annotations

Branches:
Dungeon (8/15)             Temple (1/1) D:5
   Lair: D:8-11

Altars:
Cheibriados
Dithmenos
Elyvilon
Fedhas
Gozag
Hepliaklqana
Kikubaaqudgha
Makhleb
Nemelex Xobeh
Okawaru
Qazlal
Ru
Sif Muna
Trog
Uskayaw
Vehumet
Wu Jian
Xom
Yredelemnul
Zin
The Shining One

Shops:
D:5 =   D:6 =


Innate Abilities, Weirdness & Mutations

You are resistant to torment.
Your stone body is resilient. (AC +7)
You are immune to poison.
You resist negative energy. (rN+)
You are resistant to electric shocks. (rElec)
You can survive without breathing.
You are immune to petrification.
You are immune to rotting.


Message History

The two-headed ogre is lightly wounded.
You block the two-headed ogre's attack.
The two-headed ogre hits you with a +0 giant club!
You hit the two-headed ogre.
The two-headed ogre is lightly wounded.
You slash the two-headed ogre!
The two-headed ogre is moderately wounded.
The two-headed ogre hits you with a +0 giant spiked club!!
* * * LOW HITPOINT WARNING * * *
The two-headed ogre hits you with a +0 giant club.
* * * LOW HITPOINT WARNING * * *
There is a stone staircase leading up here.
The two-headed ogre barely misses you.
The two-headed ogre hits you with a +0 giant club.
* * * LOW HITPOINT WARNING * * *
You climb upwards.
There is a stone staircase leading down here.
There is a stone staircase leading down here.
The two-headed ogre hits you with a +0 giant spiked club!!
You die...

####.#.################# ##.#
########...........#....##.## ##.
.........>.........#......#.###÷#
########..........<#....##.#.##÷.
########...........#....###.#..##
........................# #######
#########..........#....# #.. #
#####....O#.....# #.# #
##.>...@.......# ##.
####......##...#### #.
######....#.##.####...# ##
##......#[...##.# ###.## #
#)........#####.# #..#
[)..####### #.#######.#
########## #.....# #.# #.......#
###.....# #.#
#.......####.......# #.#


You could see a two-headed ogre.

Vanquished Creatures
  Pikel (D:6)
  Eustachio (D:4)
  Duvessa (D:6)
  Edmund (D:5)
  3 orc warriors
  3 ice beasts
  4 phantoms
  3 slaves (D:6)
  4 ogres
  4 centaurs
  3 bullfrogs
  A gnoll sergeant (D:7)
  Dowan (D:6)
  A scorpion (D:4)
  2 howler monkeys (D:7)
  3 crimson imps
  A bullfrog skeleton (D:5)
  3 hounds
  4 orc priests
  8 orc wizards
  2 iguanas (D:7)
  6 worker ants
  A hell rat (D:7)
  A hound zombie (D:8)
  Robin (D:3)
  2 worker ant zombies
  15 gnolls
  12 adders
  8 river rats (D:7)
  2 shadow imps (D:7)
  2 oozes
  An adder zombie (D:6)
  4 adder skeletons
  4 worms
  3 dart slugs
  8 leopard geckos
  28 orcs
  7 bats
  5 giant cockroaches
  11 goblins
  7 hobgoblins
  10 jackals
  12 quokkas
  6 frilled lizards
  10 kobolds
  A leopard gecko skeleton (D:4)
  A leopard gecko zombie (D:5)
  22 rats
  A bush (D:2)
245 creatures vanquished.

Notes
Turn   | Place    | Note
-------+----------+-------------------------------------------
     0 | D:1      | LambAmis the Gargoyle Fighter began the quest for the Orb.
     0 | D:1      | Reached XP level 1. HP: 14/14 MP: 1/1
   157 | D:1      | Reached XP level 2. HP: 18/19 MP: 2/2
   409 | D:1      | Reached skill level 2 in Long Blades
   568 | D:1      | Reached XP level 3. HP: 23/23 MP: 3/3
   810 | D:2      | Reached XP level 4. HP: 15/28 MP: 4/4
   935 | D:2      | Found an iron altar of Okawaru.
  1212 | D:2      | Found a glowing golden altar of the Shining One.
  1212 | D:2      | Found a radiant altar of Vehumet.
  1235 | D:2      | Became a worshipper of the Shining One
  1326 | D:2      | Reached XP level 5. HP: 26/32 MP: 5/5
  1333 | D:2      | Reached skill level 3 in Long Blades
  1587 | D:3      | Found a faded altar of an unknown god.
  1743 | D:3      | Noticed Robin
  1776 | D:3      | Killed Robin
  2087 | D:3      | Reached skill level 5 in Shields
  2370 | D:4      | Found a basalt altar of Yredelemnul.
  2370 | D:4      | Found an opulent altar of Gozag.
  2377 | D:4      | Found an ornate altar of the Wu Jian Council.
  2384 | D:4      | Found a shadowy altar of Dithmenos.
  2385 | D:4      | Found a blossoming altar of Fedhas.
  2486 | D:4      | Noticed an ogre
  2498 | D:4      | Killed an ogre
  2498 | D:4      | Reached skill level 4 in Long Blades
  2498 | D:4      | Reached skill level 1 in Dodging
  2498 | D:4      | Reached XP level 6. HP: 36/37 MP: 6/6
  2593 | D:4      | Reached * piety under the Shining One
  2689 | D:4      | Reached XP level 7. HP: 40/42 MP: 7/7
  2748 | D:4      | Noticed Eustachio
  2773 | D:4      | Killed Eustachio
  2773 | D:4      | Reached skill level 5 in Long Blades
  3079 | D:4      | Found the +5 robe of Misfortune {*Contam Harm *Corrode
                  | *Drain *Slow EV+5}
  3273 | D:5      | Entered Level 5 of the Dungeon
  3294 | D:4      | Reached XP level 8. HP: 43/48 MP: 8/8
  3315 | D:5      | Reached skill level 6 in Long Blades
  3410 | D:5      | Reached ** piety under the Shining One
  3415 | D:5      | Noticed Edmund
  3440 | D:5      | Killed Edmund
  3513 | D:5      | Reached skill level 7 in Long Blades
  3582 | D:5      | Reached skill level 1 in Throwing
  3927 | D:5      | Found a staircase to the Ecumenical Temple.
  3933 | Temple   | Entered the Ecumenical Temple
  4139 | D:5      | Found Locagal's Jewellery Emporium.
  4148 | D:5      | Bought an uncursed ring of see invisible for 195 gold
                  | pieces
  4391 | D:6      | Found Kudaid's Jewellery Shop.
  4485 | D:6      | Reached XP level 9. HP: 53/53 MP: 9/9
  4661 | D:6      | Reached skill level 8 in Long Blades
  4711 | D:6      | Noticed Pikel
  4732 | D:6      | Killed Pikel
  4732 | D:6      | Reached skill level 5 in Fighting
  4851 | D:6      | Noticed Duvessa
  4851 | D:6      | Noticed Dowan
  4879 | D:6      | Killed Duvessa
  4879 | D:6      | Reached skill level 5 in Armour
  4888 | D:6      | Killed Dowan
  5103 | D:6      | Reached skill level 9 in Long Blades
  5651 | D:7      | Reached *** piety under the Shining One
  5804 | D:7      | Reached XP level 10. HP: 58/59 MP: 10/10
  5876 | D:7      | Found a sparkling altar of Nemelex Xobeh.
  6053 | D:7      | Found a glowing silver altar of Zin.
  6381 | D:7      | Reached skill level 10 in Long Blades
  6673 | D:8      | Noticed a two-headed ogre
  6703 | D:7      | Slain by a two-headed ogre

Skill      XL: |  1  2  3  4  5  6  7  8  9 10 |
---------------+-------------------------------+-----
Long Blades    | 2 4 5 7 9 10 | 10.2
Shields        | 4 5 6 7 8 |  8.1
Dodging        | 1 2 |  2.0
Armour         | 4 5 |  5.5
Fighting       | 4 5 |  5.7
Throwing       | 1 |  1.4
Stealth        | |  0.4

Action                   |  1- 3 |  4- 6 |  7- 9 | 10-12 || total
-------------------------+-------+-------+-------+-------++-------
Melee: Long sword        |    92 |   298 |   530 |   173 ||  1093
Throw: Stone             |       |     3 |    27 |     1 ||    31
       Tomahawk          |       |       |     9 |     4 ||    13
  Use: Scroll            |     2 |     4 |     6 |     1 ||    13
       Potion            |     1 |       |     1 |       ||     2
  Eat: Chunk             |       |     7 |    11 |     3 ||    21
Armor: Scale mail        |    26 |       |       |       ||    26
       Chain mail        |    56 |   161 |   299 |    80 ||   596
       Skin              |       |       |     1 |       ||     1
Dodge: Dodged            |    34 |    66 |   129 |    32 ||   261
Block: Shield            |    57 |   151 |   295 |    86 ||   589
       Rpst.: Long sword |    11 |    25 |    44 |    11 ||    91
